AoeStats
← patjanko

Highland

504067069Analyzed
2v2 RM · 27d ago on Sep 3, 2026· 61m 46s· 4 players
Game mode
Random Map
Map size
Medium (4 player)
Population
200
Speed
Normal
Resources
Standard
Victory
Conquest
Starting age
Dark Age
Ending age
Imperial Age
RankedLock teamsTeams togetherTeam positionsShared explorationLock speedFull tech treeHidden civsTurbo modeCheats
Victory
Defeat
🇬🇧 Japanese · United Kingdom
891
+14
🇷🇺 Poles · Russia
879
+14
🇩🇪 Teutons · Germany
851
-14
🇩🇪 Persians · Germany
850
-14
Уралец
0:37 Loom
11:23 Feudal Age
11:49 Town Watch
12:48 Wheelbarrow
12:43 Double-Bit Axe
12:51 Horse Collar
14:15 Stone Mining
20:28 Castle Age
18:21 Fletching
18:58 Forging
19:28 Scale Barding Armor
21:24 Hand Cart
21:40 Bow Saw
22:04 Heavy Plow
25:44 Iron Casting
25:30 Chain Barding Armor
26:32 Gold Mining
29:36 Bloodlines
29:28 Husbandry
29:51 Szlachta Privileges
39:00 Imperial Age
37:41 Scale Mail Armor
37:36 Bodkin Arrow
37:50 Squires
37:35 Arson
39:29 Ballistics
39:05 Murder Holes
39:20 Masonry
39:14 Padded Archer Armor
38:47 Crossbowman
39:41 Thumb Ring
40:00 Thumb Ring
40:48 Crop Rotation
40:25 Bracer
40:41 Leather Archer Armor
41:30 Chemistry
40:16 Arbalester
43:13 Conscription
44:53 Town Patrol
46:45 Cavalier
54:40 Blast Furnace
SpackEye
11:00 Feudal Age
13:17 Double-Bit Axe
19:20 Castle Age
23:10 Medium Warships
26:21 Bow Saw
26:21 Pikeman
27:14 Fletching
30:57 Bodkin Arrow
32:11 Thumb Ring
37:49 Imperial Age
38:28 Ballistics
40:48 Chemistry
39:37 Capped Ram
41:11 Bracer
42:41 Wheelbarrow
43:24 Heavy Cavalry Archer
47:01 Theocracy
47:18 Kataparuto
47:07 Halberdier
50:06 Parthian Tactics
51:06 Siege Engineers
53:29 Conscription
laQ
0:31 Loom
14:19 Feudal Age
15:43 Wheelbarrow
15:30 Double-Bit Axe
19:01 Castle Age
17:14 Stone Mining
17:26 Horse Collar
19:03 Fishing Lines
23:49 Bow Saw
25:16 Hand Cart
27:27 Caravan
29:59 Gold Mining
31:33 Fortified Wall
32:53 Heavy Plow
34:17 Stone Shaft Mining
33:44 Scale Mail Armor
40:20 Chain Mail Armor
43:32 Imperial Age
43:04 Forging
44:02 Ironclad
44:43 Elite Teutonic Knight
45:44 Conscription
46:53 Plate Mail Armor
46:29 Scale Barding Armor
46:31 Elite Skirmisher
48:05 Iron Casting
47:46 Bloodlines
49:39 Chemistry
60:15 Squires
59:35 Pikeman
60:01 Arson
patjanko
2:27 Loom
11:00 Feudal Age
20:14 Castle Age
19:50 Horse Collar
20:02 Double-Bit Axe
21:15 Heavy Plow
21:09 Gold Mining
21:09 Stone Mining
22:36 Bow Saw
23:45 Town Watch
25:16 Wheelbarrow
28:38 Hand Cart
34:22 Imperial Age
32:24 Town Patrol
32:33 Kamandaran
32:53 Caravan
34:00 Gold Shaft Mining
34:54 Bloodlines
34:46 Husbandry
34:08 Pikeman
37:24 Citadels
37:34 Conscription
37:14 Murder Holes
37:53 Thumb Ring
38:48 Crossbowman
41:12 Two-Man Saw
41:07 Heavy Camel Rider
41:13 Halberdier
41:39 Gambesons
41:54 Squires
44:09 Elite War Elephant
45:25 Hoardings
51:02 Padded Archer Armor
50:53 Fletching
52:16 Scale Barding Armor
52:22 Forging
52:39 Devotion
55:24 Chemistry
54:45 Ballistics
54:36 Masonry
54:45 Leather Archer Armor
54:25 Bodkin Arrow
55:42 Faith
56:28 Ring Archer Armor
56:19 Chain Barding Armor
56:34 Iron Casting
56:00 Scale Mail Armor
55:52 Elite Cannon Galleon
Connection lost

Rejoining the realm…

Still unreachable

The connection could not be restored.

Session expired

The server has moved on; the page needs a fresh start.